Cogmind - Beta 13 @@@ ROGUE MODE // 2024.06.23 @ 18:34:35 Player: Falling_Sands Result: Escaped! Performance ------------- Evolutions (9) 4500 Regions Visited (20) 4000 Robots Destroyed (117) 585 Value Destroyed (2721) 2721 Prototype IDs (43) 860 Alien Tech Used (1) 200 Bonus (6352) 6352 TOTAL SCORE: 19218 Bonus ------- Follower Combat Kills 52 Aligned with FarCom 300 Met Warlord at Base 500 MAIN.C Attacked Warlord 500 Met Warlord at Research 2000 Win 3000 Cogmind --------- Core Integrity 1103/1600 Matter 300/300 Energy 7/100 System Corruption 10% Temperature Cool (3) Movement Flying (29) Location To Epsilon Eridani Parts ------- > --- POWER (2) -------- (None) > --- PROPULSION (8) --- Cooled VTOL Module Cooled VTOL Module Cooled VTOL Module > --- UTILITY (13) ----- Advanced Heat Sink Machine Analyzer Advanced Visual Processing Unit Advanced Transmission Jammer Improved System Shield > --- WEAPON (2) ------- (None) > --- INVENTORY (5) ---- (None) Peak State ------------ > --- POWER ------------ Micro Antimatter Reactor Micro Antimatter Reactor > --- PROPULSION ------- Cooled VTOL Module Cooled VTOL Module Cooled VTOL Module Cooled VTOL Module Cooled VTOL Module Cooled VTOL Module Cooled Nuclear Pulse Thruster Electron Diverter > --- UTILITY ---------- Advanced Heat Sink Small Storage Unit Structural Scanner Machine Analyzer Advanced Visual Processing Unit Advanced Transmission Jammer Hacking Suite Hacking Suite Improved Hacking Suite Advanced Hacking Suite Advanced Hacking Suite Improved System Shield Improved System Shield > --- WEAPON ----------- Heavy Phase Cannon Power Sword > --- INVENTORY -------- Micro Fission Core Stasis Canceller ECM Suite Advanced Reaction Control System Improved Light Armor Plating Decoy Drone Bay Long-range Missile Launcher [Rating: 130] Favorites ----------- Power Improved Ion Engine Engine Improved Ion Engine Power Core Micro Fission Core Reactor Micro Antimatter Reactor Propulsion Light Treads Treads Light Treads Wheel Armored Wheel Flight Unit Cooled VTOL Module Utility Hacking Suite Device Seismic Detector Storage Huge Storage Unit Processor Improved Targeting Computer Hackware Hacking Suite Protection Light Armor Plating Weapon Autogun Energy Gun Small Laser Energy Cannon Heavy Phase Cannon Ballistic Gun Autogun Ballistic Cannon Improved Light Cannon Launcher Long-range Missile Launcher Special Weapon Mining Laser Impact Weapon Hammer Slashing Weapon Power Sword Piercing Weapon Lance Build | -11 -10 -10 -9 -9 -9 -8 -8 -7 -6 -5 -5 -5 -5 -5 -5 -4 -4 -3 -2 -1 ------- Run | Yrd Mat Min Mat Min Exi Min Mat Fac Fac Fac Was Fac Upp Upp War Pro Fac Res Res Acc Slots Evolved 18 | . . . 2 . . . 2 2 2 2 . . . . . . 2 2 2 2 Power 1 | . . . . . . . . . . . . . . . . . 1 . . . Propulsion 6 | . . . 1 . . . 1 1 . 1 . . . . . . 1 . . 1 Utility 11 | . . . 1 . . . 1 1 2 1 . . . . . . . 2 2 1 Weapon . | . . . . . . . . . . . . . . . . . . . . . Parts Attached 202 | 8 20 1 27 23 3 . 39 7 10 3 . 9 . 2 1 1 5 7 17 19 Power 23 | 1 2 . 2 . . . 3 1 . . . 3 . . 1 . 1 2 5 2 Engine 5 | 1 1 . 2 . . . 1 . . . . . . . . . . . . . Core 11 | . 1 . . . . . 2 1 . . . 2 . . 1 . . 1 2 1 Reactor 7 | . . . . . . . . . . . . 1 . . . . 1 1 3 1 Propulsion 43 | 2 2 . 12 2 . . 8 1 4 1 . 3 . . . . 1 3 2 2 Treads 20 | 2 2 . 10 2 . . 4 . . . . . . . . . . . . . Leg . | . . . . . . . . . . . . . . . . . . . . . Wheel 1 | . . . 1 . . . . . . . . . . . . . . . . . Hover . | . . . . . . . . . . . . . . . . . . . . . Flight 22 | . . . 1 . . . 4 1 4 1 . 3 . . . . 1 3 2 2 Utility 67 | 3 2 . 6 5 1 . 12 4 4 1 . 3 . 1 . 1 3 2 8 11 Device 34 | 2 . . 1 3 1 . 5 2 . . . 2 . 1 . 1 2 1 4 9 Storage 4 | 1 1 . 1 . . . 1 . . . . . . . . . . . . . Processor 5 | . 1 . 1 . . . . 1 . 1 . . . . . . . 1 . . Hackware 9 | . . . . . . . 1 1 3 . . . . . . . . . 3 1 Protection 15 | . . . 3 2 . . 5 . 1 . . 1 . . . . 1 . 1 1 Artifact . | . . . . . . . . . . . . . . . . . . . . . Weapon 69 | 2 14 1 7 16 2 . 16 1 2 1 . . . 1 . . . . 2 4 Energy Gun 2 | 1 1 . . . . . . . . . . . . . . . . . . . Energy Cannon 6 | . 1 . . . . . 3 . . . . . . 1 . . . . . 1 Ballistic Gun 16 | 1 7 1 3 3 1 . . . . . . . . . . . . . . . Ballistic Cannon 13 | . . . . 6 1 . 6 . . . . . . . . . . . . . Launcher 11 | . 1 . 1 2 . . 3 . 2 . . . . . . . . . . 2 Special Weapon 8 | . 3 . . 5 . . . . . . . . . . . . . . . . Impact Weapon 8 | . 1 . 3 . . . 3 . . . . . . . . . . . . 1 Slashing Weapon 4 | . . . . . . . 1 1 . 1 . . . . . . . . 1 . Piercing Weapon 1 | . . . . . . . . . . . . . . . . . . . 1 . Special Melee Weapon . | . . . . . . . . . . . . . . . . . . . . . Unidentified Prototypes 9 | . . . 2 . . . 1 . . . . 2 . . . 1 . . 2 1 Parts Lost 29 | . . . 1 5 . . 2 . . . . . . . . . . . 1 20 Power 4 | . . . . . . . 1 . . . . . . . . . . . . 3 Propulsion 6 | . . . . 1 . . . . . . . . . . . . . . . 5 Utility 12 | . . . 1 1 . . . . . . . . . . . . . . 1 9 Weapon 7 | . . . . 3 . . 1 . . . . . . . . . . . . 3 Highest Loss Streak 20 | . . . 1 4 . . 2 . . . . . . . . . . . 1 20 To Critical Strikes . | . . . . . . . . . . . . . . . . . . . . . Average Slot Usage (%) 98 | . 99 100 99 99 78 100 99 99 99 99 100 100 100 100 100 99 100 94 97 95 Engine 6 | . 10 . 8 11 11 11 4 . . . . . . . . . . . . . Core 3 | . 3 14 2 . . . 4 7 6 5 5 5 5 5 5 5 5 5 7 . Treads 22 | . 27 28 32 32 33 33 35 . . . . . . . . . . . . . Flight 10 | . . . . . . . . 38 32 35 35 35 35 35 35 35 36 31 30 31 Device 6 | . 11 . 1 2 11 11 8 6 . . . 3 5 10 11 10 9 14 9 9 Storage 9 | . 14 14 11 11 11 11 9 7 6 5 5 5 5 5 5 5 5 4 4 4 Processor 8 | . 2 14 11 11 11 11 8 4 6 10 11 10 5 5 5 5 5 4 8 8 Hackware 6 | . . . . . . . . 10 26 23 23 23 23 23 23 23 21 19 22 23 Protection 5 | . . . 9 8 . . 9 7 5 5 5 2 5 . . . . . 3 3 Energy Cannon 2 | . . . . . . . 9 . . . . . . 4 5 5 5 4 4 3 Ballistic Gun 9 | . 20 25 20 14 . 11 2 . . . . . . . . . . . . . Ballistic Cannon 1 | . . . . 5 . 11 5 . . . . . . . . . . . . . Launcher 1 | . . 2 . . . . . 7 5 5 5 5 5 . . . . . . . Slashing Weapon 1 | . . . . . . . . 7 6 5 5 5 5 5 5 5 5 4 4 3 Naked Turns . | . . . . . . . . . . . . . . . . . . . . . Heaviest Build 110 | 13 32 31 98 98 96 96 110 20 25 25 25 25 25 26 26 26 35 36 39 56 Greatest Support 87 | 40 40 40 63 63 63 63 87 25 33 25 38 39 31 41 31 26 36 46 46 57 Greatest Overweight (x) 7 | 2 1 . 7 1 1 1 1 . . . . . . . . . . . 1 1 Average Overweight (x) . | . . . 1 1 1 1 . . . . . . . . . . . . . . Largest Inventory Capacity 25 | 8 15 15 25 25 25 25 25 8 8 8 8 8 8 8 8 8 8 8 8 8 Average Capacity 18 | 7 14 15 24 25 25 25 24 8 8 8 8 8 8 8 8 8 8 8 8 7 Most Carried 25 | 3 15 15 25 25 25 25 25 8 8 8 8 8 8 8 8 8 8 8 8 8 Average Carried 17 | . 10 15 22 23 24 25 24 7 7 7 8 7 8 8 8 7 7 7 7 7 Final Capacity 25 | 8 15 15 25 25 25 25 8 8 8 8 8 8 8 8 8 8 8 8 8 5 Final Carried 25 | 3 15 15 25 24 25 25 8 8 8 8 8 8 8 8 8 8 8 8 8 . Class Distribution -------------------- 59% | Mutant 20% | Hacker-Sprinter 9% | Scavenger-Mutant 4% | Hacker-Ninja Dominant Class ---------------- Mutant | -10/Materials Mutant | -10/Mines Mutant | -9/Materials Mutant | -9/Mines Mutant | -9/Exiles Mutant | -8/Mines Mutant | -8/Materials Hacker-Sprinter | -7/Factory Hacker-Sprinter | -6/Factory Hacker-Sprinter | -5/Factory Hacker-Sprinter | -5/Waste Hacker-Sprinter | -5/Factory Hacker-Sprinter | -5/Upper Caves Hacker-Sprinter | -5/Upper Caves Hacker-Sprinter | -5/Warlord Hacker-Sprinter | -4/Proximity Caves Hacker-Ninja | -4/Factory Hacker-Ninja | -3/Research Wizard-Scout | -2/Research Wizard-Scout | -1/Access Resources | -11 -10 -10 -9 -9 -9 -8 -8 -7 -6 -5 -5 -5 -5 -5 -5 -4 -4 -3 -2 -1 ----------- Run | Yrd Mat Min Mat Min Exi Min Mat Fac Fac Fac Was Fac Upp Upp War Pro Fac Res Res Acc Matter Collected 4092 | 303 392 . 1139 332 . . 753 282 104 . . 131 . 20 10 20 41 50 199 316 Remotely 178 | 178 . . . . . . . . . . . . . . . . . . . . Salvage Created 3836 | 145 655 . 1183 288 . . 348 254 39 . . 38 . . . . 41 66 140 639 Parts 257 | 15 50 . 74 21 . . 28 16 3 . . 1 . . . . 3 7 7 32 Haulers Intercepted 8 | . . . 2 . . . 3 . . . . . . . . . . . 1 2 Recyclers Shooed 2 | . . . 1 . . . . 1 . . . . . . . . . . . . Parts Field Recycled . | . . . . . . . . . . . . . . . . . . . . . Retrieved Matter . | . . . . . . . . . . . . . . . . . . . . . Parts Self-Destructed . | . . . . . . . . . . . . . . . . . . . . . Prevented 3 | . . . . . . . . . . . . . . 3 . . . . . . Kills | -11 -10 -10 -9 -9 -9 -8 -8 -7 -6 -5 -5 -5 -5 -5 -5 -4 -4 -3 -2 -1 ------- Run | Yrd Mat Min Mat Min Exi Min Mat Fac Fac Fac Was Fac Upp Upp War Pro Fac Res Res Acc Combat Hostiles Destroyed 54 | . 15 . 21 9 . . 6 . . . . . . . . . . . . 3 Melee 1 | . . . . . . . . . . . . . . . . . . . . 1 Guns 37 | . 15 . 21 1 . . . . . . . . . . . . . . . . Cannons 3 | . . . . . . . 3 . . . . . . . . . . . . . AOE 13 | . . . . 8 . . 3 . . . . . . . . . . . . 2 Classes Destroyed 14 | 2 5 . 4 1 . . . 1 . . . . . . . . . . . 1 Worker 8 | . . . 1 1 . . . . . . . . . . . . . . . 6 Builder 10 | . 1 . . . . . . . . . . . . . . . 2 . . 7 Tunneler 8 | 5 . . . . . . 2 1 . . . . . . . . . . . . Hauler 8 | . . . 2 . . . 3 . . . . . . . . . . . 1 2 Recycler 7 | 1 . . . 2 . . . 1 . . . . . . . . . . . 3 Mechanic 1 | . . . . . . . . 1 . . . . . . . . . . . . Operator 3 | . 2 . . . . . . 1 . . . . . . . . . . . . Watcher 18 | . 3 . 5 . . . 1 3 1 . . 1 . . . . . 2 1 1 Swarmer 13 | . 3 . 3 4 . . 3 . . . . . . . . . . . . . Grunt 23 | . 12 . 8 3 . . . . . . . . . . . . . . . . Brawler 1 | . . . 1 . . . . . . . . . . . . . . . . . Sentry 12 | . . . 9 . . . 3 . . . . . . . . . . . . . Demolisher 1 | . . . . 1 . . . . . . . . . . . . . . . . Programmer 3 | . . . . . . . . . . . . . . . . . . . . 3 Best Kill Streak 20 | 1 3 . 4 4 . . 3 2 1 . . 1 . . . . 2 1 1 20 Combat Bots Only 4 | . 3 . 4 4 . . 3 . . . . . . . . . . . . 3 Max Kills in Single Turn 6 | 1 2 . 1 3 . . 3 1 1 . . 1 . . . . 1 1 1 6 Gunslinging . | . . . . . . . . . . . . . . . . . . . . . Exploded 3 | . . . . 3 . . 3 . . . . . . . . . . . . 1 Melee 1 | . . . . . . . . . . . . . . . . . . . . 1 Uniques/NPCs Destroyed 1 | . . . . 1 . . . . . . . . . . . . . . . . YI-UF0 (-9/Mines) Combat | -11 -10 -10 -9 -9 -9 -8 -8 -7 -6 -5 -5 -5 -5 -5 -5 -4 -4 -3 -2 -1 -------- Run | Yrd Mat Min Mat Min Exi Min Mat Fac Fac Fac Was Fac Upp Upp War Pro Fac Res Res Acc Hostile Shots Fired 402 | . 83 . 90 32 . . 24 1 . . . . 6 . 2 . 1 2 . 161 Missed 153 | . 27 . 32 8 . . 7 1 . . . . 3 . 2 . . . . 73 Damage Taken 5281 | . 701 . 801 865 . . 455 . 132 . . 34 38 . . . 13 78 92 2072 Core 974 | . 129 . 126 105 . . 77 . . . . 12 . . . . . 28 . 497 Absorbed by Shields 59 | . . . 25 . . . 34 . . . . . . . . . . . . . Regen/Repaired (Parts) 348 | . 191 . . . . . . . 132 . . . . . . . . 25 . . Core Remaining (%) 85 | 100 . 48 . . . 42 86 100 100 . . . . . . 98 100 97 100 68 Volleys Fired 330 | 23 82 . 79 35 . . 36 . 1 . . . . 8 4 20 7 5 1 29 Largest 2 | 2 2 . 2 2 . . 2 . 1 . . . . 1 1 1 1 1 1 1 Hottest 150 | 60 100 . 46 100 . . 150 . 43 . . . . 90 90 90 90 90 90 90 Shots Fired 543 | 46 154 . 158 43 . . 67 . 1 . . . . 8 4 20 7 5 1 29 Gun 379 | 46 146 . 158 14 . . 15 . . . . . . . . . . . . . Cannon 111 | . . . . 2 . . 48 . . . . . . 8 4 20 7 5 1 16 Launcher 24 | . . . . 6 . . 4 . 1 . . . . . . . . . . 13 Special 29 | . 8 . . 21 . . . . . . . . . . . . . . . . Kinetic 336 | 23 105 . 158 16 . . 34 . . . . . . . . . . . . . Thermal 183 | 23 49 . . 21 . . 29 . . . . . . 8 4 20 7 5 1 16 Explosive 24 | . . . . 6 . . 4 . 1 . . . . . . . . . . 13 Electromagnetic . | . . . . . . . . . . . . . . . . . . . . . Robot Hit Streak 26 | 5 12 . 26 21 . . 19 . . . . . . . . . . . . 5 Robot Miss Streak 5 | 4 5 . 2 2 . . 2 . . . . . . . . . . . . 2 Penetration Max . | . . . . . . . . . . . . . . . . . . . . . Secondary Targets 2 | . 1 . 1 . . . . . . . . . . . . . . . . . Max Gunslinging Chain 1 | . 1 . 1 . . . . . . . . . . . . . . . . . Shots Hit Robots 349 | 24 95 . 124 11 . . 42 11 6 . . 4 . . . . 3 3 2 24 Core Hits 172 | 10 37 1 44 17 . . 11 6 1 . . 1 . . . . . 2 2 40 Critical Kills 1 | . . . 1 . . . . . . . . . . . . . . . . . Critical Parts Destroyed 1 | . . . 1 . . . . . . . . . . . . . . . . . Critical Strikes 4 | . . . 2 . . . . . 1 . . . . . . . . 1 . . Destroy 2 | . . . 2 . . . . . . . . . . . . . . . . . Sever 2 | . . . . . . . . . 1 . . . . . . . . 1 . . Melee Attacks 283 | . 1 . 10 . . . 13 42 60 2 . 36 3 2 2 8 30 24 19 31 Impact 24 | . 1 . 10 . . . 13 . . . . . . . . . . . . . Slashing 259 | . . . . . . . . 42 60 2 . 36 3 2 2 8 30 24 19 31 Piercing . | . . . . . . . . . . . . . . . . . . . . . Sneak Attacks 14 | . . . . . . . . 5 . . . . . . . . 3 1 1 4 Combat Hostiles . | . . . . . . . . . . . . . . . . . . . . . Follow-up Attacks . | . . . . . . . . . . . . . . . . . . . . . Damage Inflicted 9732 | 236 1005 7 1969 606 . . 1179 722 238 . . 218 . . . . 276 186 145 2945 Guns 3479 | 236 1005 . 1969 133 . . 136 . . . . . . . . . . . . . Cannons 1023 | . . . . 22 . . 795 . . . . . . . . . . . . 206 Explosions 2641 | . . . . 443 . . 248 . . . . . . . . . . . . 1950 Melee 2574 | . . . . . . . . 722 238 . . 218 . . . . 276 186 145 789 Ramming 15 | . . 7 . 8 . . . . . . . . . . . . . . . . Kinetic 3319 | 89 702 . 1969 155 . . 404 . . . . . . . . . . . . . Thermal 1183 | 147 303 . . . . . 527 . . . . . . . . . . . . 206 Explosive 2641 | . . . . 443 . . 248 . . . . . . . . . . . . 1950 Electromagnetic . | . . . . . . . . . . . . . . . . . . . . . Impact . | . . . . . . . . . . . . . . . . . . . . . Slashing 2574 | . . . . . . . . 722 238 . . 218 . . . . 276 186 145 789 Piercing . | . . . . . . . . . . . . . . . . . . . . . Highest Corruption 10 | . 5 5 . 2 2 2 7 . . . . . . . . . . . 4 10 Average Corruption 4 | . 4 5 . 2 2 2 7 . . . . . . . . . . . 4 8 Corruption Purged . | . . . . . . . . . . . . . . . . . . . . . Corruption Blocked 12 | . . . . . . . . . . . . . . . . . . . 12 . Effects 121 | . 20 3 . 9 18 14 50 . . . . . . . . . . . 2 5 Message Errors 26 | . 4 . . 2 6 3 10 . . . . . . . . . . . 1 . Matter Fused 32 | . 7 . . 3 6 5 10 . . . . . . . . . . . . 1 Heat Flow Errors 18 | . 3 . . 1 1 2 9 . . . . . . . . . . . . 2 Energy Discharges 15 | . 2 1 . 1 3 1 6 . . . . . . . . . . . 1 . Data Loss (minor) 8 | . . 1 . . 1 3 3 . . . . . . . . . . . . . Data Loss (major) 10 | . 2 . . . 1 . 5 . . . . . . . . . . . . 2 Misfires 5 | . 1 . . 1 . . 3 . . . . . . . . . . . . . Alerts 4 | . . 1 . 1 . . 2 . . . . . . . . . . . . . Weapon Failures 3 | . 1 . . . . . 2 . . . . . . . . . . . . . Overload Shots . | . . . . . . . . . . . . . . . . . . . . . Overflow Damage 470 | . . . . . . . 69 143 22 . . 22 . . . . 156 . . 58 Projectiles 8 | . . . . . . . . . . . . . . . . . . . . 8 Explosions 112 | . . . . . . . 69 . . . . . . . . . . . . 43 Melee 350 | . . . . . . . . 143 22 . . 22 . . . . 156 . . 7 Knockbacks 1 | . . . . . . . 1 . . . . . . . . . . . . . Impact . | . . . . . . . . . . . . . . . . . . . . . Kinetic 1 | . . . . . . . 1 . . . . . . . . . . . . . Secondary . | . . . . . . . . . . . . . . . . . . . . . Self-Inflicted Damage 239 | . 99 . . 56 . . 30 . . . . . . . . . . . . 54 Shots 6 | . 1 . . 2 . . 1 . . . . . . . . . . . . 2 Rammed 2 | . . 1 . 1 . . . . . . . . . . . . . . . . Targets Rammed 2 | . . 1 . 1 . . . . . . . . . . . . . . . . Kicked . | . . . . . . . . . . . . . . . . . . . . . Crushed . | . . . . . . . . . . . . . . . . . . . . . Highest Temperature 304 | 40 271 . 45 175 142 259 222 10 2 . 73 11 . 130 109 130 304 121 173 209 Average Temperature 49 | 22 35 . 12 34 78 114 38 5 1 . 16 7 . 51 55 44 104 24 41 46 Received Heat Transfer 744 | . 282 . 315 32 . . 52 . . . . . . . . . . . . 63 Siege Activations . | . . . . . . . . . . . . . . . . . . . . . Robots Corrupted . | . . . . . . . . . . . . . . . . . . . . . Combat Hostiles . | . . . . . . . . . . . . . . . . . . . . . Parts Fried . | . . . . . . . . . . . . . . . . . . . . . Impact Corruptions . | . . . . . . . . . . . . . . . . . . . . . Robots Melted . | . . . . . . . . . . . . . . . . . . . . . Combat Hostiles . | . . . . . . . . . . . . . . . . . . . . . Parts Melted 2 | . 1 . . . . . 1 . . . . . . . . . . . . . Heat Transferred 1974 | 325 650 . . . . . 777 . . . . . . . . . . . . 222 Parts Sabotaged . | . . . . . . . . . . . . . . . . . . . . . Parts Stolen . | . . . . . . . . . . . . . . . . . . . . . Parts Stripped . | . . . . . . . . . . . . . . . . . . . . . Power Chain Reactions . | . . . . . . . . . . . . . . . . . . . . . Alert | -11 -10 -10 -9 -9 -9 -8 -8 -7 -6 -5 -5 -5 -5 -5 -5 -4 -4 -3 -2 -1 ------- Run | Yrd Mat Min Mat Min Exi Min Mat Fac Fac Fac Was Fac Upp Upp War Pro Fac Res Res Acc Peak Influence 429 | 30 192 40 182 165 . . 141 171 99 50 62 152 . . . . 429 177 262 195 Initial 156 | . 19 40 15 7 . . . . 83 19 17 43 . . . . 150 . 99 156 Average 62 | 13 98 40 63 82 . . 27 56 30 27 29 58 . . . . 263 85 205 53 Maximum Alert Level 2 | . . . . . . . . . . . . . . . . . 2 . 1 . Low Security (%) 96 | 100 100 100 100 100 . 100 100 100 100 100 100 100 . . . . 19 100 46 100 Level 1 2 | . . . . . . . . . . . . . . . . . 71 . 53 . Level 2 . | . . . . . . . . . . . . . . . . . 9 . . . Level 3 . | . . . . . . . . . . . . . . . . . . . . . Level 4 . | . . . . . . . . . . . . . . . . . . . . . Level 5 . | . . . . . . . . . . . . . . . . . . . . . High Security . | . . . . . . . . . . . . . . . . . . . . . Max Security . | . . . . . . . . . . . . . . . . . . . . . Squads Dispatched 35 | . 4 . . . . . 2 7 14 . . 2 . . . . 1 . . 5 Investigation 15 | . 2 . . . . . . 4 6 . . 2 . . . . . . . 1 Extermination 3 | . . . . . . . . 1 1 . . . . . . . . . . 1 Reinforcement 14 | . 2 . . . . . 2 2 4 . . . . . . . 1 . . 3 Assault . | . . . . . . . . . . . . . . . . . . . . . Garrison 3 | . . . . . . . . . 3 . . . . . . . . . . . Intercept . | . . . . . . . . . . . . . . . . . . . . . Searches Triggered . | . . . . . . . . . . . . . . . . . . . . . Construction Impeded 1 | . . . . . . . . . . . . . . . . . . . . 1 Haulers Reinforced 1 | . . . . . . . . . . . . . . . . . . . . 1 Active Scanning Responses . | . . . . . . . . . . . . . . . . . . . . . Cargo Convoy Interrupts . | . . . . . . . . . . . . . . . . . . . . . Stealth | -11 -10 -10 -9 -9 -9 -8 -8 -7 -6 -5 -5 -5 -5 -5 -5 -4 -4 -3 -2 -1 --------- Run | Yrd Mat Min Mat Min Exi Min Mat Fac Fac Fac Was Fac Upp Upp War Pro Fac Res Res Acc Distress Signals 19 | . 2 . 3 . . . 2 1 1 . . 1 . . . . 2 . 5 2 Communications Jammed 2 | . . . . . . . . . . . . . . . . . 2 . . . Distress Signals 2 | . . . . . . . . . . . . . . . . . 2 . . . Times Spotted 162 | . 29 . 28 11 . . 11 9 11 . 5 6 2 . 9 1 8 3 4 25 Peak Tracking Total 8 | . 5 . 4 4 . . 3 6 5 . 5 2 2 . 3 1 5 3 2 8 Tactical Retreats 16 | . . . 1 1 . . . 3 2 . . 2 . . . . 3 1 1 2 Traps | -11 -10 -10 -9 -9 -9 -8 -8 -7 -6 -5 -5 -5 -5 -5 -5 -4 -4 -3 -2 -1 ------- Run | Yrd Mat Min Mat Min Exi Min Mat Fac Fac Fac Was Fac Upp Upp War Pro Fac Res Res Acc Traps Triggered 14 | . 3 . . . . . . 3 3 1 . 1 . . . . . 2 1 . Indirectly . | . . . . . . . . . . . . . . . . . . . . . Trap Hack Attempts . | . . . . . . . . . . . . . . . . . . . . . Triggered . | . . . . . . . . . . . . . . . . . . . . . Disarmed . | . . . . . . . . . . . . . . . . . . . . . Reprogrammed 4 | . . . . . . . . . . . . . . . . . . 4 . . Reused . | . . . . . . . . . . . . . . . . . . . . . Traps Extracted . | . . . . . . . . . . . . . . . . . . . . . Installed . | . . . . . . . . . . . . . . . . . . . . . Triggered 12 | . . . . . . . . . . . . . . 1 11 . . . . . Machines | -11 -10 -10 -9 -9 -9 -8 -8 -7 -6 -5 -5 -5 -5 -5 -5 -4 -4 -3 -2 -1 ---------- Run | Yrd Mat Min Mat Min Exi Min Mat Fac Fac Fac Was Fac Upp Upp War Pro Fac Res Res Acc Machines Disabled 13 | . 1 . . 4 . . 1 1 2 . . . 1 . . 1 . 1 . 1 Max in Single Turn 3 | . 1 . . 3 . . 1 1 1 . . . 1 . . 1 . 1 . 1 Garrison Access 13 | . . . . . . . . . 3 1 . 2 . . . . 1 2 3 1 Machines Repaired . | . . . . . . . . . . . . . . . . . . . . . Machines Dismantled . | . . . . . . . . . . . . . . . . . . . . . Machines Sabotaged . | . . . . . . . . . . . . . . . . . . . . . Overloaded Fab Kills . | . . . . . . . . . . . . . . . . . . . . . Hacking | -11 -10 -10 -9 -9 -9 -8 -8 -7 -6 -5 -5 -5 -5 -5 -5 -4 -4 -3 -2 -1 --------- Run | Yrd Mat Min Mat Min Exi Min Mat Fac Fac Fac Was Fac Upp Upp War Pro Fac Res Res Acc Machines Accessed 117 | . 8 . 13 1 2 . 8 11 20 2 . 14 1 1 9 2 8 9 3 5 Terminals 73 | . 6 . 12 . . . 7 9 11 1 . 10 . . . 1 6 5 1 4 Fabricators 8 | . . . . . . . . . 5 . . 2 . . . . 1 . . . Repair Stations 3 | . 1 . . . . . . . 1 . . . . . . . . 1 . . Recycling Units 1 | . 1 . . . . . . . . . . . . . . . . . . . Scanalyzers 2 | . . . 1 . . . . . . . . . . . . . . 1 . . Garrison Access 15 | . . . . . . . 1 2 3 1 . 2 . . . . 1 2 2 1 Total Hacks 317 | . 29 . 36 1 2 . 23 31 53 6 . 44 2 1 18 2 23 20 7 19 Successful 200 | . 18 . 21 1 2 . 9 9 43 6 . 26 2 1 18 2 12 12 3 15 Failed 117 | . 11 . 15 . . . 14 22 10 . . 18 . . . . 11 8 4 4 Catastrophic 12 | . 1 . 3 . . . 2 3 1 . . 2 . . . . . . . . Database Lockouts . | . . . . . . . . . . . . . . . . . . . . . Manual 129 | . 15 . 24 . 2 . 17 9 18 5 . 15 . . . 1 10 5 . 8 Terminals 227 | . 24 . 33 . . . 21 26 31 5 . 35 . . . 1 20 12 1 18 Fabricators 21 | . . . . . . . . . 15 . . 4 . . . . 2 . . . Repair Stations 10 | . 4 . . . . . . . 4 . . . . . . . . 2 . . Recycling Units 1 | . 1 . . . . . . . . . . . . . . . . . . . Scanalyzers 5 | . . . 3 . . . . . . . . . . . . . . 2 . . Garrison Access 28 | . . . . . . . 2 5 3 1 . 5 . . . . 1 4 6 1 Terminal Hacks 126 | . 10 . 12 1 2 . 5 6 21 4 . 16 2 1 18 2 8 6 1 11 Record 27 | . . . . . 1 . . . 1 . . . 2 . 17 2 1 . . 3 Part Schematic 2 | . 1 . . . . . . . 1 . . . . . . . . . . . Robot Analysis 11 | . 5 . 2 . . . 1 1 1 . . . . . . . . . . 1 Prototype ID Bank 4 | . . . 1 . . . . . 1 1 . . . . . . 1 . . . Open Door 4 | . . . . 1 . . . . . . . . . 1 1 . . . . 1 Open DSF 2 | . . . . . . . . . . . . . . . . . . 1 1 . Level Access Points 3 | . . . . . . . . . 1 . . . . . . . . 1 . 1 Branch Access Points 7 | . . . 1 . . . . 1 1 1 . 1 . . . . 1 1 . . Emergency Access Points 1 | . . . . . . . . . . . . 1 . . . . . . . . Machine Index 2 | . . . . . . . . . . . . . . . . . . 1 . 1 Terminal Index 6 | . . . 1 . . . . 1 1 1 . 1 . . . . . . . 1 Fabricator Index 2 | . . . . . . . . . . 1 . 1 . . . . . . . . Alert Level 4 | . 1 . . . . . . . 2 . . 1 . . . . . . . . Unreport Threat 13 | . . . 3 . . . 1 1 2 . . 1 . . . . 3 . . 2 Locate Traps 17 | . 2 . 1 . . . 1 2 4 . . 5 . . . . 1 1 . . Reprogram Traps 1 | . . . . . . . . . . . . . . . . . . 1 . . Extermination Status 1 | . . . . . . . . . 1 . . . . . . . . . . . Recall Investigation 5 | . . . . . . . . . 3 . . 2 . . . . . . . . Hauler Manifests 3 | . 1 . 1 . . . 1 . . . . . . . . . . . . . Registered Components 2 | . . . 1 . . . . . . . . 1 . . . . . . . . Zone Layout 8 | . . . 1 . . . 1 . 2 . . 2 . . . . 1 . . 1 Derelict Proto ID Bank 1 | . . . . . 1 . . . . . . . . . . . . . . . Fabricator Hacks 16 | . . . . . . . . . 10 . . 4 . . . . 2 . . . Network Status 1 | . . . . . . . . . . . . . . . . . 1 . . . Load Schematic 8 | . . . . . . . . . 5 . . 2 . . . . 1 . . . Build 7 | . . . . . . . . . 5 . . 2 . . . . . . . . Repair Station Hacks 10 | . 4 . . . . . . . 4 . . . . . . . . 2 . . Scan Component 5 | . 2 . . . . . . . 2 . . . . . . . . 1 . . Repair 5 | . 2 . . . . . . . 2 . . . . . . . . 1 . . Recycling Unit Hacks 1 | . 1 . . . . . . . . . . . . . . . . . . . Retrieve Components 1 | . 1 . . . . . . . . . . . . . . . . . . . Scanalyzer 4 | . . . 3 . . . . . . . . . . . . . . 1 . . Insert Component 2 | . . . 1 . . . . . . . . . . . . . . 1 . . Analyze 2 | . . . 2 . . . . . . . . . . . . . . . . . Garrison Access Hacks 12 | . . . . . . . . . 3 1 . 2 . . . . 1 2 2 1 Seal Access 12 | . . . . . . . . . 3 1 . 2 . . . . 1 2 2 1 Unauthorized Hacks 31 | . 3 . 6 . . . 4 3 5 1 . 4 . . . . 1 1 . 3 Terminals 30 | . 3 . 6 . . . 4 3 4 1 . 4 . . . . 1 1 . 3 Track 1 | . . . 1 . . . . . . . . . . . . . . . . . Assimilate 7 | . . . . . . . . . 2 . . 2 . . . . 1 . . 2 Botnet 19 | . 2 . 4 . . . 3 3 2 1 . 2 . . . . . 1 . 1 Disrupt 1 | . . . . . . . 1 . . . . . . . . . . . . . Operators 2 | . 1 . 1 . . . . . . . . . . . . . . . . . Fabricators 1 | . . . . . . . . . 1 . . . . . . . . . . . Prioritize 1 | . . . . . . . . . 1 . . . . . . . . . . . Repair Stations . | . . . . . . . . . . . . . . . . . . . . . Recycling Units . | . . . . . . . . . . . . . . . . . . . . . Scanalyzers . | . . . . . . . . . . . . . . . . . . . . . Garrison Access . | . . . . . . . . . . . . . . . . . . . . . Data Cores Recovered . | . . . . . . . . . . . . . . . . . . . . . Used . | . . . . . . . . . . . . . . . . . . . . . Hacking Detections 74 | . 8 . 10 . . . 7 11 12 . . 10 . . . . 6 6 1 3 Full Trace Events 15 | . 2 . . . . . 1 4 5 . . 2 . . . . . . . 1 Feedback Events . | . . . . . . . . . . . . . . . . . . . . . Feedback Blocked . | . . . . . . . . . . . . . . . . . . . . . Robot Schematics Acquired . | . . . . . . . . . . . . . . . . . . . . . Robots Built . | . . . . . . . . . . . . . . . . . . . . . Authchips . | . . . . . . . . . . . . . . . . . . . . . Time . | . . . . . . . . . . . . . . . . . . . . . Total Robot Build Rating . | . . . . . . . . . . . . . . . . . . . . . Part Schematics Acquired 3 | . 1 . 1 . . . . . 1 . . . . . . . . . . . Parts Built 7 | . . . . . . . . . 5 . . 2 . . . . . . . . Authchips . | . . . . . . . . . . . . . . . . . . . . . Time 670 | . . . . . . . . . 469 . . 201 . . . . . . . . Total Part Build Rating 28 | . . . . . . . . . 20 . . 8 . . . . . . . . Parts Repaired 5 | . 2 . . . . . . . 2 . . . . . . . . 1 . . Time 210 | . 52 . . . . . . . 88 . . . . . . . . 70 . . Parts Recycled . | . . . . . . . . . . . . . . . . . . . . . Recycled Matter . | . . . . . . . . . . . . . . . . . . . . . Retrieved Matter . | . . . . . . . . . . . . . . . . . . . . . Retrieved Components 9 | . 9 . . . . . . . . . . . . . . . . . . . Parts Scanalyzed 1 | . . . 1 . . . . . . . . . . . . . . . . . Part Schematics Acquired 1 | . . . 1 . . . . . . . . . . . . . . . . . Parts Damaged . | . . . . . . . . . . . . . . . . . . . . . Bothacking | -11 -10 -10 -9 -9 -9 -8 -8 -7 -6 -5 -5 -5 -5 -5 -5 -4 -4 -3 -2 -1 ------------ Run | Yrd Mat Min Mat Min Exi Min Mat Fac Fac Fac Was Fac Upp Upp War Pro Fac Res Res Acc Used RIF Installer . | . . . . . . . . . . . . . . . . . . . . . Robots Hacked . | . . . . . . . . . . . . . . . . . . . . . Non-combat . | . . . . . . . . . . . . . . . . . . . . . Combat . | . . . . . . . . . . . . . . . . . . . . . Robot Hacks Applied . | . . . . . . . . . . . . . . . . . . . . . Relay Couplers Released 4 | . . . . . . . . . . . . . . . . . . . 4 . Machine Destruction 4 | . . . . . . . . . . . . . . . . . . . 4 . Fabnet Peak Effective % . | . . . . . . . . . . . . . . . . . . . . . Robots Rewired 5 | . . . . . . . . . . . . . . . 5 . . . . . Allies Hacked . | . . . . . . . . . . . . . . . . . . . . . Hacks Repelled . | . . . . . . . . . . . . . . . . . . . . . Allies | -11 -10 -10 -9 -9 -9 -8 -8 -7 -6 -5 -5 -5 -5 -5 -5 -4 -4 -3 -2 -1 -------- Run | Yrd Mat Min Mat Min Exi Min Mat Fac Fac Fac Was Fac Upp Upp War Pro Fac Res Res Acc Total Allies 16 | . . . . 4 . . . . 2 . . 2 . . 5 . 1 . . 2 Largest Group 5 | . . . . 3 . . . . 1 . . 1 . . 5 . 1 . . 2 Highest-Rated Group 237 | . . . . 40 . . . . 26 . . 26 . . 237 . 10 . . 71 Highest-Rated Ally 65 | . . . . 31 . . . . 26 . . 26 . . 65 . 10 . . 45 Total Orders 95 | . . . . . . . . . 1 . . 4 . 17 5 36 11 . . 21 STAY 29 | . . . . . . . . . 1 . . 3 . 4 2 8 6 . . 5 ROAM 1 | . . . . . . . . . . . . . . . . . . . . 1 FOLLOW 11 | . . . . . . . . . . . . 1 . . 1 . 5 . . 4 EXPLORE 29 | . . . . . . . . . . . . . . 5 1 12 . . . 11 RETURN 25 | . . . . . . . . . . . . . . 8 1 16 . . . . Ally Attacks 32 | . . . . 17 . . . 5 . . . . . . 10 . . . . . Total Damage 1022 | . . . . 221 . . . 337 . . . . . . 464 . . . . . Kills 6 | . . . . 3 . . . 2 . . . . . . 1 . . . . . Allies Corrupted 2 | . . . . . . . . . . . . . . . 1 . . . . 1 Allies Melted 2 | . . . . . . . . . . . . . . . 2 . . . . . Turrets Deployed 1 | . . . . . . . . 1 . . . . . . . . . . . . Intel | -11 -10 -10 -9 -9 -9 -8 -8 -7 -6 -5 -5 -5 -5 -5 -5 -4 -4 -3 -2 -1 ------- Run | Yrd Mat Min Mat Min Exi Min Mat Fac Fac Fac Was Fac Upp Upp War Pro Fac Res Res Acc Robot Analysis Total 11 | . 5 . 2 . . . 1 1 1 . . . . . . . . . . 1 Derelict Logs Recovered 5 | . . . . 1 . . . . . . . . 2 1 . 1 . . . . Drone Launches 35 | . . . . . . . . . . . . . . 7 1 11 . . . 16 Drone Recoveries 17 | . . . . . . . . . . . . . . 7 1 9 . . . . Exploration | -11 -10 -10 -9 -9 -9 -8 -8 -7 -6 -5 -5 -5 -5 -5 -5 -4 -4 -3 -2 -1 ------------- Run | Yrd Mat Min Mat Min Exi Min Mat Fac Fac Fac Was Fac Upp Upp War Pro Fac Res Res Acc Turns Passed 18156 | 229 1622 116 4086 1750 1020 991 2641 778 1343 62 13 574 123 330 628 330 407 321 315 477 Spaces Moved 18272 | 98 768 71 1560 659 422 413 947 1820 3000 213 60 1643 394 539 1095 391 1391 766 1035 987 Core 8 | 8 . . . . . . . . . . . . . . . . . . . . Treads 4892 | 90 768 71 1531 659 422 413 938 . . . . . . . . . . . . . Legs . | . . . . . . . . . . . . . . . . . . . . . Wheels 29 | . . . 29 . . . . . . . . . . . . . . . . . Hover . | . . . . . . . . . . . . . . . . . . . . . Flight 13343 | . . . . . . . 9 1820 3000 213 60 1643 394 539 1095 391 1391 766 1035 987 Fastest Speed 5 | 50 160 160 160 240 240 240 31 28 11 24 6 6 20 5 20 23 17 5 5 5 Average Speed 76 | 154 160 160 236 240 240 240 237 28 26 24 20 23 22 22 22 23 17 17 17 14 Slowest Speed 242 | 160 240 160 240 240 240 240 242 28 28 24 24 24 23 23 23 23 17 21 85 79 Overloaded Moves 56 | . . . . . . . . . 1 . 6 3 . 1 . . . 2 2 41 Propulsion Burnouts . | . . . . . . . . . . . . . . . . . . . . . Robots Hopped 117 | . . . . . . . . 40 24 . . 13 . 2 3 . 9 5 2 19 Cave-ins Triggered 2 | . . . . 1 . . 1 . . . . . . . . . . . . . Exploration Rate (%) 57 | 6 99 19 98 96 76 69 76 51 62 7 78 39 63 72 89 75 31 23 29 39 Regions Visited 20 Branch Regions 8 Pre-discovered Areas 1 | . . . . . 1 . . . . . . . . . . . . . . . Known Exits Taken 6 | . . . 1 . . . . . 1 . . 1 . . . 1 1 1 . . Unknown Exits Taken 12 | 1 1 1 . 1 1 1 1 1 . . . . 1 1 1 . . . 1 . Scrap Searched 5 | . . . . 1 . . . . . . . . 2 1 . 1 . . . . Spaces Dug 314 | . 9 . 5 20 . . 22 29 68 2 . 28 2 10 2 27 31 24 18 17 Terrain Destroyed 580 | . 43 . 5 70 . . 72 29 68 2 . 28 2 10 2 27 31 24 18 149 Melee 207 | . 1 . 5 . . . 6 29 48 2 . 28 2 2 2 7 24 19 17 15 Projectile 82 | . 8 . . 20 . . 11 . . . . . . 8 . 20 7 5 1 2 AOE 291 | . 34 . . 50 . . 55 . 20 . . . . . . . . . . 132 Terrain Rammed . | . . . . . . . . . . . . . . . . . . . . . Walls Destroyed . | . . . . . . . . . . . . . . . . . . . . . Machines Disabled . | . . . . . . . . . . . . . . . . . . . . . Actions | -11 -10 -10 -9 -9 -9 -8 -8 -7 -6 -5 -5 -5 -5 -5 -5 -4 -4 -3 -2 -1 --------- Run | Yrd Mat Min Mat Min Exi Min Mat Fac Fac Fac Was Fac Upp Upp War Pro Fac Res Res Acc Total 21327 | 131 1007 72 1817 739 431 414 1264 1986 3446 220 59 1769 421 732 1461 598 1498 904 1139 1219 Wait 2024 | . 88 . 102 14 . 2 178 85 390 . . 77 25 182 345 174 71 79 50 162 Move 18031 | 97 767 70 1559 658 421 412 946 1745 2951 213 59 1617 393 534 1088 390 1372 756 1030 953 Hop 104 | . . . . . . . . 34 24 . . 12 . 2 3 . 9 4 2 14 Pick Up 103 | 2 26 . 18 3 3 . 12 9 3 1 . 7 . 1 1 2 3 5 4 3 Fast Attach 69 | 8 7 . 6 3 2 . 10 1 7 1 . 3 . . . 1 . 3 14 3 Attach 47 | . . . 4 5 . . 15 3 2 1 . . . . . 1 2 3 2 9 Detach 9 | 1 . . 2 1 . . 2 . 1 . . . . . . . . . 1 1 Swap 87 | . 13 1 17 15 1 . 14 3 1 1 . 6 . 2 1 . 3 1 1 7 Drop 150 | . 23 . 20 4 4 . 38 10 6 1 . 11 . 1 1 2 1 6 15 7 Fire 330 | 23 82 . 79 35 . . 36 . 1 . . . . 8 4 20 7 5 1 29 Melee 283 | . 1 . 10 . . . 13 42 60 2 . 36 3 2 2 8 30 24 19 31 Ram . | . . . . . . . . . . . . . . . . . . . . . Kick . | . . . . . . . . . . . . . . . . . . . . . Crush 2 | . . 1 . 1 . . . . . . . . . . . . . . . . Escape Stasis 72 | . . . . . . . . 54 . . . . . . . . . 18 . . Rewire 16 | . . . . . . . . . . . . . . . 16 . . . . . Trap . | . . . . . . . . . . . . . . . . . . . . . Miscellaneous . | . . . . . . . . . . . . . . . . . . . . . Route ------- -11/Scrapyard -10/Materials (discovered 4 exits: *Mat x3 / [*Min]) -10/Mines -9/Materials (discovered 4 exits: *Mat x3 / *Min) -9/Mines (discovered 4 exits: *Mat x2 / *Exi / [*Zio]) -9/Exiles (discovered 2 exits: [*Min x2]) -8/Mines -8/Materials (discovered 4 exits: *Fac x2 / *Sto x2) -7/Factory (discovered 4 exits: *Fac x2 / Low x2) -6/Factory (discovered 6 exits: *Fac x4 / *Low x2) -5/Factory (discovered 4 exits: Upp x2 / Ext x2) -5/Waste -5/Factory (discovered 5 exits: *Fac / *Upp x2 / Ext x2) -5/Upper Caves -5/Upper Caves (discovered 2 exits: *Fac / *War) -5/Warlord -4/Proximity Caves -4/Factory (discovered 5 exits: *Res x2 / *Upp x2 / Arm) -3/Research (discovered 5 exits: *Res x3 / Qua x2) -2/Research (discovered 2 exits: *Acc / [*Tes]) -1/Access To Epsilon Eridani History --------- Turn | Location | Event 16 | -11/Scrapyard | Discovered new exit (range 15) 230 | -11/Scrapyard | Entered Materials 301 | -10/Materials | Build established: Mutant 640 | -10/Materials | Discovered new exit (range 6) 817 | -10/Materials | Repaired Lgt. Treads 845 | -10/Materials | Repaired Lgt. Treads 1277 | -10/Materials | Discovered new exit (range 13) 1446 | -10/Materials | Discovered new exit (range 8) 1544 | -10/Materials | Core integrity fell below 50% 1603 | -10/Materials | Discovered new exit (range 7) 1852 | -10/Materials | Entered Mines 1897 | -10/Mines | Found a hidden stash of uninstalled traps 1960 | -10/Mines | Discovered new exit (range 6) 1968 | -10/Mines | Entered Materials 1968 | -9/Materials | Evolved 2 slots: Propulsion x1, Utility x1 2471 | -9/Materials | Discovered new exit (range 8) 3155 | -9/Materials | Build established: Scavenger-Mutant 3248 | -9/Materials | Discovered new exit (range 16) 4104 | -9/Materials | Discovered new exit (range 8) 4447 | -9/Materials | Build established: Mutant 4632 | -9/Materials | Identified exit to Mines 6054 | -9/Materials | Entered Mines 6110 | -9/Mines | Assisted by bots powering up and referring to "LRC-V3" 6150 | -9/Mines | Found the Drone Emporium 6169 | -9/Mines | Found Prototype Device 6297 | -9/Mines | Discovered new exit (range 11) 6473 | -9/Mines | Destroyed YI-UF0 6500 | -9/Mines | Lost 4 parts (1n1u2w) 6548 | -9/Mines | Assembled infested the area 6593 | -9/Mines | Received a Mining Laser from a helpful Derelict 6793 | -9/Mines | A Derelict revealed a hidden shortcut to a safe place 7326 | -9/Mines | Crushed by falling debris 7326 | -9/Mines | Core integrity fell below 50% 7427 | -9/Mines | Discovered new exit (range 6) 7792 | -9/Mines | Deemed a non-threat by the Exiles lab entrance 7795 | -9/Mines | Discovered new exit (range 5) 7804 | -9/Mines | Entered Exiles 7836 | -9/Exiles | Discovered new exit (range 15) 7909 | -9/Exiles | Met 8R-AWN 7949 | -9/Exiles | Met EX-HEX 8043 | -9/Exiles | Met EX-DEC 8053 | -9/Exiles | Learned location of Zion (-7) 8146 | -9/Exiles | Discovered new exit (range 15) 8330 | -9/Exiles | Visited The Gauntlet 8470 | -9/Exiles | Met EX-BIN 8504 | -9/Exiles | Aligned with FarCom system 8506 | -9/Exiles | Given EX-Vault access code 8564 | -9/Exiles | Opened EX-Vault 8584 | -9/Exiles | Found Deploy-a-Sentry 8587 | -9/Exiles | Found Deploy-a-Sentry 8592 | -9/Exiles | Found Deploy-a-Sentry 8641 | -9/Exiles | Warned to stay clear of 0b10 Research branches 8824 | -9/Exiles | Left Exiles lab with Deploy-a-Sentry 8824 | -9/Exiles | Entered Mines 9789 | -8/Mines | Discovered new exit (range 8) 9815 | -8/Mines | Entered Materials 9815 | -8/Materials | Evolved 2 slots: Propulsion x1, Utility x1 9816 | -8/Materials | Identified exit to Storage 10246 | -8/Materials | Identified Decoy Drone Bay 10671 | -8/Materials | Crushed by falling debris 10894 | -8/Materials | Discovered exit to Storage (range 12) 10966 | -8/Materials | Met 7R-MNS 10982 | -8/Materials | Build established: Scavenger-Mutant 11125 | -8/Materials | Discovered new exit (range 16) 11354 | -8/Materials | Build established: Mutant 11842 | -8/Materials | Discovered new exit (range 15) 12456 | -8/Materials | Entered Factory 12456 | -7/Factory | Evolved 2 slots: Propulsion x1, Utility x1 12457 | -7/Factory | Caught up to 7R-MNS 12577 | -7/Factory | Discovered new exit (range 5) 12748 | -7/Factory | DAS Turret deployed 13118 | -7/Factory | Discovered new exit (range 13) 13151 | -7/Factory | Build established: Hacker-Sprinter 13158 | -7/Factory | Identified exit to Lower Caves 13234 | -7/Factory | Entered another Factory area 13234 | -6/Factory | Evolved 2 slots: Utility x2 13235 | -6/Factory | Caught up to 7R-MNS 13293 | -6/Factory | Identified exit to Lower Caves 13368 | -6/Factory | Garrison activated, responded to threat 13393 | -6/Factory | Fabricated Cld. VTOL Module (x1) 13560 | -6/Factory | Fabricated Cld. VTOL Module? 13567 | -6/Factory | Fabricated Cld. VTOL Module? 13854 | -6/Factory | Identified exit to Factory 14075 | -6/Factory | Fabricated Cld. VTOL Module (x1) 14309 | -6/Factory | Repaired Imp. Light Armor Plating 14361 | -6/Factory | Repaired Lrn. Missile Launcher 14479 | -6/Factory | Fabricated Cld. VTOL Module? 14577 | -6/Factory | Entered another Factory area 14577 | -5/Factory | Evolved 2 slots: Propulsion x1, Utility x1 14578 | -5/Factory | Caught up to 7R-MNS 14609 | -5/Factory | Identified exit to Upper Caves 14609 | -5/Factory | Identified exit to Extension 14639 | -5/Factory | Sucked down chute 14639 | -5/Factory | Entered Waste 14644 | -5/Waste | Spotted C-40 Crusher 14646 | -5/Waste | Spotted C-40 Crusher 14647 | -5/Waste | Spotted C-40 Crusher 14647 | -5/Waste | Spotted C-40 Crusher 14649 | -5/Waste | Spotted C-40 Crusher 14650 | -5/Waste | Spotted C-40 Crusher 14651 | -5/Waste | Discovered new exit (range 10) 14652 | -5/Waste | Entered Factory 14883 | -5/Factory | Fabricated Cld. VTOL Module? 15080 | -5/Factory | Discovered new exit (range 13) 15085 | -5/Factory | Fabricated Cld. VTOL Module (x1) 15226 | -5/Factory | Entered Upper Caves 15326 | -5/Upper Caves | Learned Factory trap positions 15336 | -5/Upper Caves | Learned Factory terminal intel 15340 | -5/Upper Caves | Discovered new exit (range 11) 15349 | -5/Upper Caves | Entered another Upper Caves area 15426 | -5/Upper Caves | Spotted B-75 Beast 15432 | -5/Upper Caves | Discovered new exit (range 9) 15521 | -5/Upper Caves | Encountered a Warlord checkpoint 15542 | -5/Upper Caves | Discovered new exit (range 31) 15656 | -5/Upper Caves | Learned location of 1 exit from Factory 15679 | -5/Upper Caves | Entered Warlord 15692 | -5/Warlord | Discovered new exit (range 14) 15818 | -5/Warlord | Warlord's base attacked by MAIN.C 15830 | -5/Warlord | Met Warlord 15913 | -5/Warlord | Opened side exit 16042 | -5/Warlord | Lost 6 allies 16168 | -5/Warlord | Warlord forces counterattacked 16196 | -5/Warlord | Spotted B-75 Beast 16307 | -5/Warlord | Entered Proximity Caves 16347 | -4/Proximity Caves | Found Alien Artifact 16349 | -4/Proximity Caves | Identified Dimensional Node Initializer 16349 | -4/Proximity Caves | Initialized slip node 16483 | -4/Proximity Caves | Identified exit to Factory 16573 | -4/Proximity Caves | Spotter reported a threat 16637 | -4/Proximity Caves | Entered Factory 16637 | -4/Factory | Evolved 2 slots: Power x1, Propulsion x1 16638 | -4/Factory | Identified exit to Research 16639 | -4/Factory | Loaded intel: 111 trap records 16640 | -4/Factory | Loaded intel: 26 terminal locations 16747 | -4/Factory | Discovered exit to Research (range 13) 16899 | -4/Factory | Discovered new exit (range 11) 16972 | -4/Factory | Identified exit to Upper Caves 16972 | -4/Factory | Identified exit to Armory 16998 | -4/Factory | Spotted B-86 Titan 17002 | -4/Factory | Build established: Hacker-Ninja 17044 | -4/Factory | Entered Research 17044 | -3/Research | Evolved 2 slots: Utility x2 17154 | -3/Research | Identified exit to Quarantine 17165 | -3/Research | Identified exit to DSF 17207 | -3/Research | Identified exit to Research 17306 | -3/Research | Repaired Cld. VTOL Module? 17365 | -3/Research | Entered another Research area 17365 | -2/Research | Warlord forces began assault on 0b10 17365 | -2/Research | Evolved 2 slots: Utility x2 17450 | -2/Research | Found Prototype Device 17450 | -2/Research | Identified Adv. EM Disruption Field 17460 | -2/Research | Lost 11 allies 17475 | -2/Research | Research machine network offline 17496 | -2/Research | Met up with Warlord 17505 | -2/Research | Discovered new exit (range 4) 17538 | -2/Research | Discovered new exit (range 19) 17680 | -2/Research | Entered Access 17680 | -1/Access | Evolved 2 slots: Propulsion x1, Utility x1 17782 | -1/Access | Identified exit to Surface 17827 | -1/Access | Build established: Wizard-Scout 18004 | -1/Access | Spotted B-99 Colossus 18091 | -1/Access | Lost 4 allies 18102 | -1/Access | System corruption reached 10% 18157 | *** | Escaped! Last Messages --------------- 18146_ H-88 Terminator destroyed. 18146_ Cld. Nuclear Pulse Thruster destroyed. 18146_ Penetrated by Slug. 18146_ Cld. VTOL Module destroyed. 18146_ Hvy. Phase Cannon destroyed. 18148_ Mic. Antimatter Reactor destroyed. 18149_ Penetrated by Slug. 18149_ Mic. Antimatter Reactor destroyed. 18149_ Penetrated by Slug. 18152_ Slug penetrates Terminal. 18152_ Penetrated by Slug. 18152_ ECM Suite destroyed. 18152_ Stasis Canceller destroyed. 18154_ Sml. Storage Unit destroyed. 18154_ Cld. VTOL Module destroyed. 18155_ Mic. Fission Core destroyed. 18155_ Slug penetrates Reinforced Barrier. 18155_ Penetrated by Slug. 18155_ Hacking Suite destroyed. Map ----- +----------------------------------------------------+ | """ + ############################ ##?????? | | """ # # ! ### ! [ ### #??????? | | " # # ### ### #??????? | | # # ### ### #??????? | | # # ### = ### ##?????? | | # # #######+####### ##?????? | | # # %+ ##?????? | | ########### + !! #### ! ##?????? | | ########### # !! #### ##?????? | | ????????## %=# ##??? ]]####+#?? | | ??????? = #### ]]## ?? | | ?????## # # #### ?? | | ?????## [ + | | ?????## ################""" """# ?? | | ?????### |g ################"""G"""######= ?? | | ?????## # g ####?????????????############# #?? | | ????### g ##?????????????#######?????# #?? | | ????### ! #####??????????????????????# #?? | | ????## b ##############????#######??# #?? | | ????## # [# ### ###########?##########??# #?? | | ????## ## h%h T""" """" ##??# #?? | | ????## # [ """ BB ##??# #?? | | ????## # # * """" BB ##"## ### | | ????## % "??" | | ????## ### = "" "??" | | ????## ### ! @" "??" | | ????## # ! ! "??" | | ????### ###u/g!! "??" BB ######### | | ????##### #/%g= "??" BB #????# | | ???????####!%g=!! ""?" #????# | | ???????####*!####### ###########?#########????# | | ????????###h/# # #############??????????????# | | ?????????## h############?????????????????????# | | ?????????## # ##?????????????????????# | | ?????????##^^# ##############?######### | | ?????????## / " ##############?######### | | ?????????## # """ + ##?## + " | | ########### # """ ##### ##?## # | | ########### # " ##### ##?## # | | # # # ##?## ##?## + | | # # # ##### ##### ######### | | # # ##+############ ##### ##??????? | | # + ###### ##??????? | | # # ##??## ############## ##??????? | | # # ###### ############## ##??????? | | # # ##+######+#####???????## ##??##### | | # # # ########### ##??##### | | ########### # % ########### ##??## | | ########### # + ##??## | | ########### # "" ############## ##??## | +----------------------------------------------------+ Best States ------------- Heat Dissipation 71 Energy Generation 36 Energy Capacity 280 Matter Stores 300 Matter Capacity 300 Sight Range 20 Robot Scan Range 16 Terrain Scan Density 10 ECM Strength 1 Jamming Range 16 Power Amplification 30 EM Shielding 3 Armor Coverage 450 Evasion (%) 79 Targeting Accuracy 6 Core Analysis 6 Recoil Reduction 4 Offensive Hacking 60 Defensive Hacking 24 Item Schematics ----------------- Sml. Storage Unit | -10/Materials | Hacked Hacking Suite | -9/Materials | Scanalyzed Cld. VTOL Module | -6/Factory | Hacked Robot Schematics ------------------ None Fabricated ------------ Cld. VTOL Module | x1 | -6/Factory Cld. VTOL Module | x1 | -6/Factory Cld. VTOL Module | x1 | -6/Factory Cld. VTOL Module | x1 | -6/Factory Cld. VTOL Module | x1 | -6/Factory Cld. VTOL Module | x1 | -5/Factory Cld. VTOL Module | x1 | -5/Factory Alien Tech Used ----------------- Dimensional Node Initializer Achievements -------------- All-out Warlord Speed Demon Supersonic Watch This! Whoosh! Challenges ------------ None Game ------ Seed ExperimentalGaussBarrier Manual? 0 Play Time 08:46:35 Cumulative 100.5 hours Start 2024.06.19 @ 16:49:51 End 2024.06.23 @ 18:34:35 Sessions 15 Manual Loads 0 Difficulty Rogue Special Mode None Game No. 54 Rogue 53 Adventurer 0 Explorer 1 Win Type 0 Total 5 Types 5/0/0/0/0/0/0/0/0 Lore% 46 Gallery% 59 Achievement% 38 Wizard Run 0 Options --------- Layout 0 ASCII 0 Keyboard 0 Movement Mouse Keybinds 0 Fullscreen 1 Font 36/Tamsyn Map View 76x50 Zoom Use 0% Tactical HUD 1 Map Filters NONE Filters NONE Steam 1 RUN: 4348f689-f9f1-482a-a904-908f10f18b34